 Dungeon Sprint DCSS version 0.17-a0-2093-gc772f4b (webtiles) character file.

6219 Kidiri the Blocker (level 10, -19/94 HPs)
             Began as a Minotaur Fighter on Oct 16, 2015.
             Was a High Priest of Okawaru.
             Demolished by a spiny frog (20 damage)
             ... in the Dungeon (Sprint III: "The Ten Rune Challenge").
             The game lasted 00:08:57 (3345 turns).

Kidiri the Blocker (Minotaur Fighter)               Turns: 3345, Time: 00:08:57

Health: -19/94     AC:  9    Str: 23    XL:     10   Next: 61%
Magic:  13/14      EV: 15    Int:  5    God:    Okawaru [*****.]
Gold:   27         SH: 13    Dex: 11    Spells: 0 memorised, 9 levels left

rFire  . . .     SeeInvis .     a - +0 war axe
rCold  . . .     Clarity  .     b - +0 scale mail
rNeg   . . .     SustAt   .     c - +0 shield
rPois  .         Gourm    .     (helmet unavailable)
rElec  .         Spirit   .     (no cloak)
rCorr  .         Warding  .     (no gloves)
rMut   .         NoTele   +     (no boots)
MR     .....                    (no amulet)
Stlth  ..........               (no ring)
                                (no ring)

@: lethally poisoned (-19 -> -32), not resistant to hostile enchantments,
extremely unstealthy
A: retaliatory headbutt, hooves 1, horns 3, blurry vision 1
a: Heroism, Finesse, Renounce Religion


You were in the Dungeon.
You worshipped Okawaru.
Okawaru was extremely pleased with you.
You were not hungry.

You visited 1 branch You collected 27 gold pieces.

Inventory:

Hand Weapons
 a - a +0 war axe (weapon)
Armour
 b - a +0 scale mail (worn)
 c - a +0 shield (worn)
Wands
 o - a wand of fireball (3)
Scrolls
 k - a scroll of blinking
 m - a scroll of immolation
 s - 2 scrolls of torment
Potions
 h - a potion of haste
 i - 2 potions of magic
 q - 2 potions of cure mutation
 r - 4 potions of flight
Comestibles
 e - a bread ration
 l - 28 royal jellies
 p - 2 fruits


   Skills:
 + Level 10.6 Fighting
 * Level 13.8 Axes
 * Level 13.8 Armour
 * Level 12.6 Dodging
 * Level 14.0 Shields
 + Level 6.7 Invocations


You had 9 spell levels left.
You didn't know any spells.

Dungeon Overview and Level Annotations

Branches:
Dungeon (1/1)

Altars:
Cheibriados
Dithmenos
Elyvilon
Fedhas
Gozag
Kikubaaqudgha
Makhleb
Nemelex Xobeh
Okawaru
Qazlal
Ru
Sif Muna
Trog
Vehumet
Xom
Yredelemnul
Zin
The Shining One
Jiyva
Lugonu


Innate Abilities, Weirdness & Mutations

You reflexively headbutt those who attack you in melee.
You have a pair of large horns on your head.
You have large cloven feet.
Scrolls take you a little longer to read.


Message History

You hit the spiny frog.
You kick the spiny frog, but do no damage.
You headbutt the spiny frog.
The spiny frog is lightly wounded.
* * * LOW HITPOINT WARNING * * *
You feel sick. The spiny frog misses you.
You barely miss the spiny frog.
The spiny frog is lightly wounded.
* * * LOW HITPOINT WARNING * * *
You feel sick. You block the spiny frog's attack.
You closely miss the spiny frog.
The spiny frog is lightly wounded.
* * * LOW HITPOINT WARNING * * *
You feel sick.
The spiny frog stings you but does no damage.
You slash the spiny frog!
The spiny frog is heavily wounded.
* * * LOW HITPOINT WARNING * * *
You feel sick. The spiny frog stings you!!
You die...

.....# ####'#
_#...#+##########################
_#...#.§§≈≈+.#.'...'.#.#.#.+...≈≈
_#...#.#§§§#.#.#...##.#.#.##...≈≈
_#...'.#.§§#.#.#...#.#.#.#.#...≈≈
.+...#.#§§§#...#)..##.#.#.##...≈≈
▓▓▓▓▓▓▓▓▓▓▓▓▓▓▓▓▓▓▓#.#.#.#.#.....
♣≈≈≈........≈≈F@..##.#.#.##.....
♣'♣≈≈≈≈≈≈≈≈≈≈≈≈♣♣..'.#.#.#.#.....
≈♣♣♣♣♣♣♣♣♣♣♣♣♣♣♣♣PP##.#.#.#######
. ♣♣♣##+#####


You could see a spiny frog.

Vanquished Creatures
  Erica (D)
  A centaur warrior (D)
  2 unseen horrors (D)
  A spiny frog (D)
  A komodo dragon (D)
  A deep elf priest (D)
  3 wandering mushrooms (D)
  A queen bee (D)
  A shadow (D)
  A spatial vortex (D)
  2 centaurs (D)
  A necrophage (D)
  An earth elemental (D)
  A water elemental (D)
  32 killer bees (D)
  A jelly (D)
  Jessica (D)
  A necromancer (D)
  A wizard (D)
  A kobold demonologist (D)
  3 humans (D)
  2 oozes (D)
  A phantom (D)
  A rat (D)
  A ballistomycete (D)
63 creatures vanquished.

Vanquished Creatures (others)
  2 draconian scorchers (D)
  A hydra (D)
  2 fire drakes (D)
  2 yaktaurs (D)
  An electric eel (D)
  A giant spore (D)
  4 plants (D)
13 creatures vanquished.

Grand Total: 76 creatures vanquished

Notes
Turn   | Place    | Note
--------------------------------------------------------------
     0 | D        | Kidiri the Minotaur Fighter began the quest for the Orb.
     0 | D        | Reached XP level 1. HP: 19/19 MP: 0/0
     5 | D        | Reached skill level 4 in Armour
     5 | D        | Reached skill level 1 in Dodging
     9 | D        | Reached XP level 2. HP: 25/27 MP: 1/1
    13 | D        | Noticed Jessica
    24 | D        | Killed Jessica
    24 | D        | Reached skill level 5 in Armour
    24 | D        | Reached skill level 5 in Shields
    24 | D        | Reached XP level 3. HP: 29/34 MP: 2/2
   203 | D        | Killed a white draconian scorcher
   204 | D        | Killed a white draconian scorcher
   305 | D        | Gained mutation: Your body sometimes deteriorates upon taking damage. [potion of mutation]
   305 | D        | Gained mutation: Your body often deteriorates upon taking damage. [potion of mutation]
   306 | D        | Lost mutation: Your body often deteriorates upon taking damage. [potion of cure mutation]
   306 | D        | Lost mutation: Your body sometimes deteriorates upon taking damage. [potion of cure mutation]
   307 | D        | Gained mutation: You have large cloven feet. [potion of mutation]
   307 | D        | Gained mutation: You have a pair of large horns on your head. [potion of mutation]
   307 | D        | Gained mutation: Scrolls take you a little longer to read. [potion of mutation]
   331 | D        | Noticed a water elemental
   331 | D        | Killed a yaktaur
   352 | D        | Killed a water elemental
   352 | D        | Reached skill level 5 in Fighting
   352 | D        | Reached skill level 5 in Axes
   352 | D        | Reached skill level 6 in Armour
   352 | D        | Reached XP level 4. HP: 24/42 MP: 3/3
   372 | D        | Killed a yaktaur
   392 | D        | Killed a fire drake
   547 | D        | Found an iron altar of Okawaru.
   548 | D        | Found a bloodstained altar of Trog.
   548 | D        | Noticed a human
   548 | D        | Noticed a human
   578 | D        | Killed a human
   578 | D        | Reached skill level 7 in Axes
   578 | D        | Reached XP level 5. HP: 29/50 MP: 4/4
   583 | D        | Killed a human
   583 | D        | Reached skill level 8 in Axes
   583 | D        | Reached XP level 6. HP: 30/58 MP: 5/5
   621 | D        | Became a worshipper of Warmaster Okawaru
   760 | D        | Found a radiant altar of Vehumet.
   761 | D        | Found a deep blue altar of Sif Muna.
   761 | D        | Found an ancient bone altar of Kikubaaqudgha.
   761 | D        | Noticed a wizard
   764 | D        | Killed a wizard
   764 | D        | Reached skill level 1 in Invocations
   780 | D        | Found a glowing silver altar of Zin.
   781 | D        | Found a glowing golden altar of the Shining One.
   781 | D        | Found a white marble altar of Elyvilon.
   781 | D        | Noticed a deep elf priest
   785 | D        | Killed a deep elf priest
   785 | D        | Reached * piety under Okawaru
   785 | D        | Reached skill level 9 in Axes
   785 | D        | Reached XP level 7. HP: 61/66 MP: 5/7
   812 | D        | Found a snail-covered altar of Cheibriados.
   812 | D        | Noticed a necrophage
   814 | D        | Noticed a necromancer
   818 | D        | Killed a necrophage
   820 | D        | Killed a necromancer
   820 | D        | Reached skill level 10 in Shields
   821 | D        | Found a basalt altar of Yredelemnul.
   821 | D        | Found a blossoming altar of Fedhas.
   996 | D        | Noticed a jelly
  1001 | D        | Killed a jelly
  1002 | D        | Noticed a shadow
  1007 | D        | Killed a shadow
  1007 | D        | Reached skill level 10 in Armour
  1063 | D        | Found a stormy altar of Qazlal.
  1064 | D        | Found a sacrificial altar of Ru.
  1064 | D        | Found a burning altar of Makhleb.
  1064 | D        | Found a viscous altar of Jiyva.
  1064 | D        | Found a shimmering altar of Xom.
  1064 | D        | Found a shadowy altar of Dithmenos.
  1064 | D        | Found a sparkling altar of Nemelex Xobeh.
  1064 | D        | Found a corrupted altar of Lugonu.
  1064 | D        | Found an opulent altar of Gozag.
  1064 | D        | Noticed a spatial vortex
  1074 | D        | Killed a spatial vortex
  1074 | D        | Reached skill level 10 in Axes
  1074 | D        | Reached XP level 8. HP: 50/73 MP: 9/9
  1160 | D        | Killed a fire drake
  1182 | D        | Noticed Erica
  1200 | D        | Killed Erica
  1200 | D        | Reached ** piety under Okawaru
  1200 | D        | Reached skill level 11 in Armour
  1200 | D        | Reached skill level 10 in Dodging
  1407 | D        | Noticed an earth elemental
  1416 | D        | Killed an earth elemental
  1488 | D        | Noticed a centaur
  1488 | D        | Noticed a centaur warrior
  1488 | D        | Noticed a centaur
  1496 | D        | Killed a centaur warrior
  1496 | D        | Reached *** piety under Okawaru
  1496 | D        | Reached skill level 12 in Shields
  1496 | D        | Reached skill level 5 in Invocations
  1496 | D        | Reached XP level 9. HP: 69/83 MP: 11/11
  1500 | D        | Killed a centaur
  1504 | D        | Killed a centaur
  1552 | D        | Killed an electric eel
  1847 | D        | Killed an unseen horror
  1847 | D        | Reached **** piety under Okawaru
  2323 | D        | Killed an unseen horror
  2608 | D        | Noticed a killer bee
  2608 | D        | Noticed a killer bee
  2608 | D        | Noticed a queen bee
  2608 | D        | Noticed a killer bee
  2608 | D        | Noticed a killer bee
  2608 | D        | Noticed a killer bee
  2608 | D        | Noticed a killer bee
  2608 | D        | Noticed a killer bee
  2608 | D        | Noticed a killer bee
  2608 | D        | Noticed a killer bee
  2608 | D        | Noticed a killer bee
  2608 | D        | Noticed a killer bee
  2608 | D        | Noticed a killer bee
  2608 | D        | Noticed a killer bee
  2608 | D        | Noticed a killer bee
  2608 | D        | Noticed a killer bee
  2609 | D        | Noticed a killer bee
  2609 | D        | Noticed a killer bee
  2609 | D        | Noticed a killer bee
  2610 | D        | Noticed a killer bee
  2611 | D        | Noticed a killer bee
  2611 | D        | Noticed a killer bee
  2612 | D        | Noticed a killer bee
  2612 | D        | Noticed a killer bee
  2612 | D        | Noticed a killer bee
  2613 | D        | Killed a killer bee
  2614 | D        | Noticed a killer bee
  2615 | D        | Noticed a killer bee
  2616 | D        | Noticed a killer bee
  2617 | D        | Noticed a killer bee
  2617 | D        | Killed a killer bee
  2618 | D        | Killed a killer bee
  2618 | D        | Reached skill level 13 in Shields
  2619 | D        | Noticed a killer bee
  2619 | D        | Noticed a killer bee
  2619 | D        | Killed a killer bee
  2620 | D        | Noticed a killer bee
  2620 | D        | Noticed a killer bee
  2622 | D        | Killed a killer bee
  2622 | D        | Reached XP level 10. HP: 79/93 MP: 13/13
  2625 | D        | Killed a killer bee
  2626 | D        | Killed a killer bee
  2630 | D        | Killed a killer bee
  2633 | D        | Killed a killer bee
  2633 | D        | Reached skill level 10 in Fighting
  2638 | D        | Killed a killer bee
  2638 | D        | Killed a killer bee
  2642 | D        | Killed a killer bee
  2643 | D        | Killed a killer bee
  2644 | D        | Killed a killer bee
  2645 | D        | Killed a killer bee
  2650 | D        | Killed a killer bee
  2650 | D        | Reached ***** piety under Okawaru
  2655 | D        | Killed a killer bee
  2655 | D        | Killed a killer bee
  2656 | D        | Killed a killer bee
  2656 | D        | Killed a killer bee
  2660 | D        | Killed a queen bee
  2660 | D        | Killed a killer bee
  2661 | D        | Killed a killer bee
  2661 | D        | Killed a killer bee
  2663 | D        | Killed a killer bee
  2664 | D        | Killed a killer bee
  2665 | D        | Killed a killer bee
  2666 | D        | Killed a killer bee
  2667 | D        | Killed a killer bee
  2669 | D        | Killed a killer bee
  2671 | D        | Killed a killer bee
  2672 | D        | Killed a killer bee
  2675 | D        | Killed a killer bee
  3031 | D        | Noticed a wandering mushroom
  3037 | D        | Killed a wandering mushroom
  3038 | D        | Killed a six-headed hydra
  3162 | D        | Noticed a wandering mushroom
  3164 | D        | Noticed a wandering mushroom
  3181 | D        | Killed a wandering mushroom
  3193 | D        | Killed a wandering mushroom
  3319 | D        | Noticed a spiny frog
  3319 | D        | Noticed a komodo dragon
  3319 | D        | Noticed a spiny frog
  3338 | D        | Killed a spiny frog
  3341 | D        | Killed a komodo dragon
  3341 | D        | Reached skill level 14 in Shields
  3343 | D        | HP: 4/94 [poisoned by a spiny frog]
  3345 | D        | HP: 1/94 [poisoned by a spiny frog]
  3345 | D        | Demolished by a spiny frog

Vault maps used:
D:        dungeon_sprint_mu

Action                   |  1- 3 |  4- 6 |  7- 9 | 10-12 || total
-------------------------+-------+-------+-------+-------++-------
Melee: War axe           |    31 |    16 |    84 |    79 ||   210
  Use: Scroll            |     4 |     1 |       |       ||     5
       Potion            |     4 |       |     3 |     2 ||     9
  Eat: Chunk             |       |       |     1 |       ||     1
       Meat ration       |       |       |     1 |       ||     1
       Bread ration      |       |       |       |     1 ||     1
